 Dungeon Crawl Stone Soup version 0.31-a0-574-g69dc8cc98e (webtiles) character file.

Game seed: 11836758771026245031

268 Shayle the Trooper (level 6, 0/63 HPs)
             Began as an Ogre Shapeshifter on Aug 18, 2023.
             Slain by an orc
             ... wielding a +0 hand axe
              (4 damage)
             ... on level 4 of the Dungeon.
             The game lasted 00:11:31 (2981 turns).

Shayle the Trooper (Ogre Shapeshifter)              Turns: 2981, Time: 00:11:32

Health: 0/63       AC:  5    Str: 25 (26) XL:     6   Next: 21%
Magic:  11/11      EV: 10    Int:  8 (11) God:
Gold:   228        SH:  0    Dex: 12 (15) Spells: 11/11 levels left

rFire   . . .        q - +2 falchion (holy)
rCold   . . .        (no shield)
rNeg    . . .        a - +0 animal skin
rPois   .            (helmet currently unavailable)
rElec   .            (cloak currently unavailable)
rCorr   .            (gloves unavailable)
SInv    .            (boots unavailable)
Will    .....        (no amulet)
Stlth   +            j - +6 ring of dexterity
HPRegen 0.30/turn    t - +6 ring of strength
MPRegen 0.12/turn

%: random rage (3%)
@: brilliant, beast-form
A: beast (slay +2), large, unfitting armour, tough skin 1, iridescent scales 1,
berserk 1
a: Begin Untransformation


You were on level 4 of the Dungeon.
You were a hulking beast.
You visited 1 branch of the dungeon, and saw 4 of its levels.

You collected 228 gold pieces.

Inventory:

Hand Weapons
 q - a +2 falchion of holy wrath (weapon)
 w - a +1 dagger of venom
Missiles
 u - a throwing net
Armour
 a - a +0 animal skin (worn)
Jewellery
 i - a ring of fire
 j - a +6 ring of dexterity (left hand)
 o - a ring of protection from cold
 t - a +6 ring of strength (right hand)
Talismans
 c - a beast talisman (active)
 d - a flux talisman
Scrolls
 k - 4 scrolls of teleportation {unknown}
 l - 2 scrolls of immolation {unknown}
 r - a scroll of torment {unknown}
 v - a scroll of amnesia {unknown}
Potions
 b - 2 potions of lignification
 e - a potion of invisibility {unknown}
 f - a potion of degeneration
 m - a potion of heal wounds {unknown}
 n - a potion of magic {unknown}
 p - a potion of brilliance
 s - a potion of resistance {unknown}


   Skills:
 + Level 4.7 Fighting
 - Level 1.7 Dodging
 + Level 4.1 Unarmed Combat
 + Level 3.4 Spellcasting
 - Level 3.0 Shapeshifting


You had 11 spell levels left.
You didn't know any spells.
Your spell library contained the following spells:

 Spells                   Type           Power      Damage    Failure   Level
 Magic Dart               Conj           8%         1d3       30%         1
 Sting                    Tmut/Pois      8%         1d3       30%         1
 Call Imp                 Summ           4%         N/A       43%         2
 Lesser Beckoning         Tloc           4%         N/A       43%         2
 Gell's Gravitas          Tloc           2%         N/A       67%         3
 Mephitic Cloud           Conj/Pois/Air  2%         N/A       67%         3
 Teleport Other           Tloc           2%         N/A       67%         3


Dungeon Overview and Level Annotations

Branches:
Dungeon (4/15)
 Temple: D:4-7

Altars:
Dithmenos
Gozag
Ru
Sif Muna


Innate Abilities, Weirdness & Mutations

You are a hulking beast.
Your limbs bulge with bestial killing power. (Slay +2)
You are too large for most types of armour.
You have tough skin. (AC +1)
You are partially covered in iridescent scales. (AC +2)
You sometimes lose your temper in combat.


Message History

The orc barely misses you. x2
Unknown command.
You closely miss the orc. The ball python barely misses you.
The orc hits you with a +0 short sword. The orc barely misses you.
The orc hits you with a +0 short sword. The orc hits you with a +0 hand axe.
The ball python bites you.
It was a potion of degeneration.
There was something very wrong with that liquid.
You feel weakened.
You feel dopey.
You feel clumsy.
The ball python bites you but does no damage.
The orc barely misses you. The orc misses you.
The orc hits you with a +0 hand axe. The orc barely misses you.
It was a potion of curing.
You feel better. The ball python bites you.
The orc hits you but does no damage. The orc hits you with a +0 short sword.
The orc hits you with a +0 hand axe.
* * * LOW HITPOINT WARNING * * *
The orc hits you with a +0 short sword.
* * * LOW HITPOINT WARNING * * *
It was a potion of brilliance.
You feel clever all of a sudden.
The ball python bites you but does no damage.
The orc hits you with a +0 short sword.
* * * LOW HITPOINT WARNING * * *
The orc hits you with a +0 hand axe.
* * * LOW HITPOINT WARNING * * *
The orc hits you with a +0 short sword.
* * * LOW HITPOINT WARNING * * *
The orc misses you.
The ball python bites you but does no damage.
You feel better. The orc hits you with a +0 hand axe.
* * * LOW HITPOINT WARNING * * *
The orc barely misses you. The orc hits you with a +0 short sword.
* * * LOW HITPOINT WARNING * * *
The orc hits you but does no damage. The ball python barely misses you.
It was a potion of mutation.
You feel extremely strange. A pair of antennae grows on your head!
You feel a little pissed off. The antennae on your head shrink away.
Iridescent scales grow over part of your body.
The orc hits you with a +0 hand axe.
You die...

......... .......
........ ......... .
....... .........
..###....# #.......# ###
....#....+ +.....#.##...
..[.'....# #.....#......
....#....###............
...#..)So.)...#.........
......oho.....#.........
....#.o.................
.#.............#........
......######...#...#...#
...... ..........'...#
#####. ######....#....
.. ............. #
#......#......
#......#......


You could see 4 orcs and a ball python.

Vanquished Creatures
  An orc priest (D:4)
  A jelly (D:4)
  An orc wizard (D:4)
  10 adders
  3 worms (D:3)
  A dart slug (D:3)
  6 orcs (D:4)
  6 endoplasms
  7 goblins
  9 hobgoblins
  4 jackals (D:2)
  2 quokkas (D:2)
  8 ball pythons
  8 bats
  5 frilled lizards
  7 kobolds
  4 rats (D:1)
83 creatures vanquished.

Notes
Turn   | Place    | Note
-------+----------+-------------------------------------------
     0 | D:1      | Shayle the Ogre Shapeshifter began the quest for the Orb.
     0 | D:1      | Reached XP level 1. HP: 19/19 MP: 1/1
   166 | D:1      | Reached XP level 2. HP: 27/28 MP: 1/3
   233 | D:1      | Reached skill level 1 in Spellcasting
   865 | D:2      | Reached XP level 3. HP: 34/36 MP: 5/5
   974 | D:2      | Found a faded altar of an unknown god.
   978 | D:2      | Got Plato's Monograph on Impurities
  1279 | D:2      | Reached XP level 4. HP: 35/45 MP: 5/7
  1840 | D:3      | Found a sacrificial altar of Ru.
  1961 | D:3      | Found a shimmering blue altar of Sif Muna.
  1961 | D:3      | Found a shadowy altar of Dithmenos.
  2302 | D:3      | Reached XP level 5. HP: 33/54 MP: 8/8
  2523 | D:4      | Found an opulent altar of Gozag.
  2817 | D:4      | Reached XP level 6. HP: 51/63 MP: 10/10
  2979 | D:4      | HP: 3/63 [orc/+0 hand axe (6)]
  2981 | D:4      | Gained mutation: You have a pair of small antennae on your
                  | head. [potion of mutation]
  2981 | D:4      | Gained mutation: You sometimes lose your temper in combat.
                  | [potion of mutation]
  2981 | D:4      | Lost mutation: You have a pair of small antennae on your
                  | head. [potion of mutation]
  2981 | D:4      | Gained mutation: You are partially covered in iridescent
                  | scales. (AC +2) [potion of mutation]
  2981 | D:4      | Slain by an orc

Illustrated notes

Levels and vault maps discovered:
D:1:      dpeg_arrival_ternary, layout_basic, serial_bayou, serial_bayou_ford_a,
          serial_bayou_pond_a, serial_bayou_shore_a, serial_bayou_shore_b,
          serial_bayou_pond_c, minmay_pentomino_u4
D:2:      layout_loops_ring, shapermc_ecumenical_altar_rom_forum,
          minmay_indecisive_spiral
D:3:      minmay_octagon_keep, layout_rooms, mainiacjoe_overflow_divided_tiny,
          nicolae_ru_sacrificial_ziggurat
D:4:      layout_basic, nicolae_overflow_hidden_temple,
          mainiacjoe_overflow_alcove_2, grunt_gozag_breadcrumbs

Skill      XL: |  1  2  3  4  5 |
---------------+----------------+-----
Fighting       | 2 3 4 |  4.7
Spellcasting   | 1 2 3 |  3.4
Unarmed Combat | 3 4 |  4.1
Dodging        | |  1.7
Shapeshifting  | |  3.0

Action                     |  1- 3 |  4- 6 || total
---------------------------+-------+-------++-------
  Melee: Unarmed           |    94 |       ||    94
         Falchion          |     5 |   124 ||   129
         Punch             |       |     2 ||     2
    Use: Potion            |       |     5 ||     5
   Stab: Sleeping          |     1 |     4 ||     5
 Armour: Animal skin       |    34 |    32 ||    66
  Dodge: Dodged            |    48 |    75 ||   123

Table legend: (Time is in decaauts)
 A = Elapsed time spent in this place.
 B = Non-inter-level travel time spent in this place.
 C = Inter-level travel time spent in this place.
 D = Time resting spent in this place.
 E = Time spent auto-exploring this place.
 F = Levels seen in this place.
 G = Mean time per level.
                   A        B        C        D        E       F      G
               +--------+--------+--------+--------+--------+-----+--------+
         Total |   3013 |   2970 |     43 |    178 |   1957 |   4 |  753.2 |
       Dungeon |   3013 |   2970 |     43 |    178 |   1957 |   4 |  753.2 |
               +--------+--------+--------+--------+--------+-----+--------+

Top non-repeatable levels by time:
     D:2: 882 daAuts
     D:1: 821 daAuts
     D:3: 770 daAuts
     D:4: 539 daAuts
